 Dungeon Crawl Stone Soup version 0.22-a0-185-ge330310 (webtiles) character file.

2419 Amnesiac the Geomancer (level 9, -7/57 HPs)
             Began as a Mummy Earth Elementalist on Feb 15, 2018.
             Was a Believer of Ashenzari.
             Mangled by an orc warrior
             ... wielding a +0 hand axe
              (11 damage)
             ... in a bailey.
             The game lasted 00:13:19 (7255 turns).

Amnesiac the Geomancer (Mummy Earth Elementalist)   Turns: 7255, Time: 00:13:20

Health: -7/57      AC:  9    Str: 11    XL:     9   Next: 24%
Magic:  5/22       EV: 12    Int: 17    God:    Ashenzari [**....]
Gold:   780        SH:  3    Dex: 13    Spells: 9/26 levels left

rFire    x . .     SeeInvis .   p - +0 war axe (curse)
rCold    + . .     Gourm    .   (no shield)
rNeg     + + +     Faith    .   c - +0 robe
rPois    ∞         Spirit   .   h - +0 helmet
rElec    .         Reflect  +   e - +2 cloak
rCorr    .         Harm     .   B - +0 pair of gloves
MR       +....                  g - +1 pair of boots
Stlth    +.........             o - +3 amulet of reflection (curse)
HPRegen  0.19/turn              f - ring of loudness (curse)
MPRegen  0.18/turn              (no ring)

@: about to teleport
A: no food or potions, fire vulnerability, cold resistance 1, negative energy
resistance 3, torment resistance, unbreathing
a: Curse Item, Scrying, Renounce Religion


You were in a bailey.
You worshipped Ashenzari.
Ashenzari was pleased with you.
You were not hungry.

You visited 2 branches of the dungeon, and saw 9 of its levels.
You also visited: Bailey.

You collected 780 gold pieces.

Inventory:

Hand Weapons
 p - a cursed +0 war axe (weapon)
 s - a +1 dagger of flaming
Missiles
 b - 145 stones (quivered)
 i - 6 needles of sleeping
 v - 19 poisoned needles
Armour
 c - a +0 robe (worn)
 e - a +2 cloak (worn)
 g - a +1 pair of boots (worn)
 h - a +0 helmet (worn)
 B - a +0 pair of gloves (worn)
Jewellery
 f - a cursed ring of loudness (left hand)
 o - a cursed +3 amulet of reflection (around neck)
Wands
 l - a wand of iceblast (8)
 m - a wand of polymorph (15)
 q - a wand of digging (33)
 w - a wand of acid (13)
 z - a wand of flame (4)
Scrolls
 a - a scroll of amnesia {!r}
 j - 2 scrolls of teleportation {!r}
 k - a scroll of identify {!r}
 r - a scroll of fog {!r}
 u - a scroll of silence {!r}
 y - 3 scrolls of enchant weapon {!r}
 A - a scroll of remove curse {!r}
Books
 d - a book of Geomancy

   Spells                             Type                      Level
   a - Sandblast                      Earth                        1
   b - Passwall                       Transmutation/Earth          2
   c - Stone Arrow                    Conjuration/Earth            3
   d - Petrify                        Transmutation/Earth          4
   e - Lee's Rapid Deconstruction     Earth                        5
 t - a book of Air

   Spells                             Type                      Level
   a - Shock                          Conjuration/Air              1
   b - Swiftness                      Charms/Air                   2
   c - Static Discharge               Conjuration/Air              3
   d - Airstrike                      Air                          4
   e - Lightning Bolt                 Conjuration/Air              5
 x - a book of Cantrips

   Spells                             Type                      Level
   a - Confusing Touch                Hexes                        1
   b - Animate Skeleton               Necromancy                   1
   c - Summon Small Mammal            Summoning                    1
   d - Apportation                    Translocation                1


   Skills:
 - Level 1.5 Dodging
 - Level 1.5 Stealth
 + Level 9.0 Spellcasting
 - Level 0.7(1.4) Transmutations
 * Level 9.0(10.4) Earth Magic


You had 9 spell levels left.
You knew the following spells:

 Your Spells              Type           Power        Failure   Level  Hunger
a - Sandblast             Erth           #####.       1%          1    N/A
b - Passwall              Tmut/Erth      ####......   1%          2    N/A
c - Stone Arrow           Conj/Erth      ####..       3%          3    N/A
d - Lee's Rapid Deconstr  Erth           #####.....   3%          5    N/A
e - Petrify               Tmut/Erth      ####....     9%          4    N/A
f - Summon Small Mammal   Summ           #...         9%          1    N/A
z - Confusing Touch       Hex            #.....       9%          1    N/A

Dungeon Overview and Level Annotations

Branches:
Dungeon (8/15)             Temple (1/1) D:5
   Lair: D:8-11

Altars:
Ashenzari
Cheibriados
Dithmenos
Gozag
Hepliaklqana
Kikubaaqudgha
Makhleb
Nemelex Xobeh
Qazlal
Ru
Sif Muna
Trog
Vehumet
Wu Jian
Xom
Yredelemnul
The Shining One

Shops:
D:5 !

Annotations:
D:8 Joseph


Innate Abilities, Weirdness & Mutations

You do not eat or drink.
Your flesh is vulnerable to fire.
You are immune to poison.
Your flesh is cold resistant. (rC+)
You are immune to negative energy. (rN+++)
You are immune to unholy pain and torment.
You can survive without breathing.


Message History

Okay, then.
There is an empty arch of ancient stone here.
You see here 7 tomahawks of returning.
The orc warrior hits you with a hand axe!
* * * LOW HITPOINT WARNING * * *
Things that are here:
4 tomahawks of returning; a kobold corpse The kobold shouts!
The orc warrior barely misses you.
The kobold throws a tomahawk of returning.
The tomahawk of returning completely misses you.
The weapon returns to the kobold!
There is a gate leading back out of this place here.
Things that are here:
a +0 hand axe; an uncursed leather armour The kobold throws a tomahawk of returning.
The tomahawk of returning closely misses you.
The kobold throws a tomahawk of returning.
The tomahawk of returning barely misses you.
The weapon returns to the kobold!
There is an open door, spattered with blood here.
You see here a tomahawk of returning.
The kobold throws a tomahawk of returning.
The tomahawk of returning hits you but does no damage.
The weapon returns to the kobold!
Things that are here:
6 tomahawks of returning; a kobold skeleton The kobold throws a tomahawk of returning.
The tomahawk of returning barely misses you.
The weapon returns to the kobold!
You see here 4 tomahawks of returning.
The kobold throws a tomahawk of returning.
The tomahawk of returning barely misses you.
You see here 9 tomahawks of returning.
Casting: Stone Arrow (safe; 3% risk of failure)
Confirm with . or Enter, or press ? or * to list all spells.
Okay, then.
Casting: Stone Arrow (safe; 3% risk of failure)
Confirm with . or Enter, or press ? or * to list all spells.
The orc warrior hits you with a hand axe.
* * * LOW HITPOINT WARNING * * *
The orc warrior hits your bat with a hand axe!
Your bat dies!
Your bat's corpse disappears in a puff of smoke!
The kobold throws a tomahawk of returning.
You reflect the tomahawk of returning off an invisible shield around you!
The tomahawk of returning barely misses the kobold.
The weapon returns to the kobold!
Casting: Summon Small Mammal (safe; 9% risk of failure)
Confirm with . or Enter, or press ? or * to list all spells.
The kobold misses your bat.
The orc warrior hits you with a hand axe!
* * * LOW HITPOINT WARNING * * *
The orc warrior hits your bat with a hand axe.
Your bat dies!
Your bat's corpse disappears in a puff of smoke!
The kobold throws a tomahawk of returning.
The tomahawk of returning barely misses you.
The weapon returns to the kobold!
Really read
j - 3 scrolls of teleportation {!r}?
As you read the scroll of teleportation {!r}, it crumbles to dust.
You feel strangely unstable.
The orc warrior hits you with a hand axe!
You die...

,≈ ,, #≈.≈# '
* .≈.≈. , *
*'*##≈.≈##
.≈.≈.
###≈K≈###' *,
..≈.≈..,
#'###≈(≈###'#
#....≈@≈K...#
#'###≈o§###'#
#∩...§(≈K..∩#
######(######
▓(∩)▓ ▓))(▓
▓.(.▓ ▓▓▓▓▓
▓)▓


You could see an orc warrior and 3 kobolds.

Vanquished Creatures
  Psyche (D:8)
  Grinder (D:5)
  Sigmund (D:5)
  3 orc warriors (Bailey)
  A sky beast (D:6)
  A phantom (D:5)
  3 ogres
  A centaur (D:8)
  Blork the orc (D:6)
  3 scorpions
  3 electric eels (D:7)
  2 howler monkeys (D:7)
  A bullfrog zombie (D:5)
  2 crimson imps
  A centaur zombie (D:7)
  Crazy Yiuf (D:5)
  An orc priest (D:3)
  A jelly (D:7)
  Ijyb (D:5)
  2 iguanas
  2 worker ants
  7 adders
  4 gnolls
  2 shadow imps
  An ooze (D:1)
  An adder zombie (D:3)
  2 adder skeletons
  A worm (D:2)
  3 dart slugs
  3 leopard geckos
  5 orcs
  A ball python (D:1)
  8 bats
  A bat zombie (D:4)
  5 giant cockroaches
  8 goblins
  12 hobgoblins
  6 jackals
  2 quokkas
  9 frilled lizards
  18 kobolds
  5 rats
137 creatures vanquished.

Notes
Turn   | Place    | Note
-------+----------+-------------------------------------------
     0 | D:1      | Amnesiac the Mummy Earth Elementalist began the quest for the Orb.
     0 | D:1      | Reached XP level 1. HP: 13/13 MP: 4/4
   174 | D:2      | Reached XP level 2. HP: 11/19 MP: 0/5
   610 | D:2      | Found a shadowy altar of Dithmenos.
   699 | D:3      | Found an opulent altar of Gozag.
   763 | D:3      | Reached XP level 3. HP: 14/24 MP: 2/7
   767 | D:3      | Learned a level 2 spell: Passwall
  1026 | D:4      | Reached XP level 4. HP: 21/30 MP: 9/9
  1160 | D:4      | Noticed an ogre
  1540 | D:4      | Killed an ogre
  1540 | D:4      | Reached XP level 5. HP: 35/35 MP: 5/11
  1543 | D:4      | Noticed an ogre
  1545 | D:4      | Killed an ogre
  1893 | D:4      | Found an ancient bone altar of Kikubaaqudgha.
  1998 | D:5      | Entered Level 5 of the Dungeon
  2015 | D:5      | Reached XP level 6. HP: 21/41 MP: 13/13
  2089 | D:5      | Learned a level 4 spell: Petrify
  2097 | D:5      | Learned a level 5 spell: Lee's Rapid Deconstruction
  2104 | D:5      | Reached skill level 5 in Spellcasting
  2104 | D:5      | Reached skill level 5 in Earth Magic
  2385 | D:5      | Noticed Sigmund
  2386 | D:5      | Noticed Ijyb
  2396 | D:5      | Killed Ijyb
  2455 | D:5      | Killed Sigmund
  2455 | D:5      | Reached XP level 7. HP: 37/46 MP: 9/15
  2503 | D:5      | Found a staircase to the Ecumenical Temple.
  2512 | D:5      | Found a basalt altar of Yredelemnul.
  2514 | Temple   | Entered the Ecumenical Temple
  2578 | Temple   | Became a worshipper of Ashenzari the Shackled
  4254 | D:3      | Found a faded altar of an unknown god.
  4577 | D:5      | Noticed Grinder
  4589 | D:5      | Killed Grinder
  4594 | D:5      | Learned a level 3 spell: Stone Arrow
  4670 | D:5      | Found a runed door.
  4819 | D:5      | Reached XP level 8. HP: 49/52 MP: 6/18
  4831 | D:5      | Found Toacyth's Distillery.
  5033 | D:5      | Noticed Crazy Yiuf
  5037 | D:5      | Killed Crazy Yiuf
  5125 | D:6      | Reached * piety under Ashenzari
  5236 | D:6      | Noticed Blork the orc
  5242 | D:6      | Killed Blork the orc
  5734 | D:7      | Found a transporter.
  5759 | D:7      | Found a transporter.
  5919 | D:7      | Reached ** piety under Ashenzari
  6748 | D:8      | Found a flagged portal.
  6769 | D:8      | Noticed a hippogriff
  6770 | D:8      | Noticed Joseph
  6802 | D:8      | Noticed Psyche
  6810 | D:8      | Killed Psyche
  6810 | D:8      | Reached XP level 9. HP: 19/57 MP: 8/21
  6874 | Bailey   | Entered a bailey
  7010 | Bailey   | Learned a level 1 spell: Summon Small Mammal
  7245 | Bailey   | Learned a level 1 spell: Confusing Touch
  7255 | Bailey   | Mangled by an orc warrior

Vault maps used:
D:1:      dpeg_arrival_signposts, supply_closet_lemuel
D:2:      nicolae_dithmenos_through_a_glass_darkly, first_ration,
          kennysheep_big_empty_room
D:3:      chequers_ecumenical_altar_twisty, nicolae_gozag_seed_capital
D:4:      lemuel_zombie_altar_kikubaaqudgha, kennysheep_generic_room_16
D:5:      yredelemnul_altar_generic, minmay_temple_entry_statues_pillars,
          serial_shops, nicolae_shop_waterfront, uniq_crazy_yiuf_cottage,
          uniq_sigmund, uniq_grinder, uniq_ijyb
D:6:      uniq_blork_the_orc
D:7:      gammafunk_steamed_eel
D:8:      kennysheep_mini_moat, enter_bailey_2, uniq_joseph, uniq_psyche
Temple:   eino_temple_scatter_basement
Bailey:   bailey_axe_1, bailey

Skill      XL: |  1  2  3  4  5  6  7  8  9 |
---------------+----------------------------+-----
Spellcasting   | 3 4 5 6 8 9 |  9.0
Earth Magic    | 3 4 5 6 8 9 |  9.0
Dodging        | |  1.5
Stealth        | |  1.5
Transmutations | |  0.7

Action                   |  1- 3 |  4- 6 |  7- 9 || total
-------------------------+-------+-------+-------++-------
Melee: Short sword       |    16 |       |       ||    16
       Unarmed           |     1 |       |       ||     1
       Mace              |     7 |    44 |    85 ||   136
       War axe           |       |       |    96 ||    96
 Cast: Sandblast         |    30 |    10 |    85 ||   125
       Petrify           |       |     2 |     4 ||     6
       Passwall          |       |       |     1 ||     1
       Lee's Rapid Decon |       |       |     5 ||     5
       Stone Arrow       |       |       |    13 ||    13
       Summon Small Mamm |       |       |     6 ||     6
Invok: Curse Item        |       |       |     1 ||     1
Evoke: Wand              |       |       |     2 ||     2
  Use: Scroll            |       |       |    13 ||    13
 Stab: Sleeping          |       |     2 |       ||     2
       Petrified         |       |     9 |       ||     9
Armor: Robe              |    11 |     8 |    77 ||    96
Dodge: Dodged            |    41 |    39 |   224 ||   304
Block: Other             |       |       |    26 ||    26
       Reflection        |       |       |     7 ||     7

Table legend:
 A = Spawn XP
 B = Non-spawn XP
 C = Spawn XP percentage of total XP
 D = Spawn monster count
 E = Non-spawn monster count
 F = Spawn count percentage of total count
 G = Total turns spent on level
                    A         B        C        D         E        F      G
               +---------+---------+-------+---------+---------+-------+---------
         Total |       0 |    3457 |   0.0 |       0 |     137 |   0.0 |  7255
               +---------+---------+-------+---------+---------+-------+---------
           D:1 |       0 |      62 |   0.0 |       0 |      27 |   0.0 |  1229
           D:2 |       0 |      52 |   0.0 |       0 |      21 |   0.0 |   755
           D:3 |       0 |      78 |   0.0 |       0 |      12 |   0.0 |   835
           D:4 |       0 |     312 |   0.0 |       0 |      10 |   0.0 |  1170
           D:5 |       0 |     985 |   0.0 |       0 |      17 |   0.0 |  1006
           D:6 |       0 |     271 |   0.0 |       0 |       5 |   0.0 |   512
           D:7 |       0 |     613 |   0.0 |       0 |      13 |   0.0 |  1112
           D:8 |       0 |     655 |   0.0 |       0 |       7 |   0.0 |   180
        Temple |       0 |       2 |   0.0 |       0 |       1 |   0.0 |    75
        Bailey |       0 |     427 |   0.0 |       0 |      24 |   0.0 |   381
               +---------+---------+-------+---------+---------+-------+---------
